 Dungeon Crawl Stone Soup version 0.19.1 (webtiles) character file.

327 Arnot the Covered (level 6, -5/78 HPs)
             Began as a Minotaur Fighter on Dec 17, 2016.
             Killed by nerve-wracking pain
             ... invoked by an orc priest
              (12 damage)
             ... on level 3 of the Dungeon.
             The game lasted 00:04:39 (2186 turns).

Arnot the Covered (Minotaur Fighter)                Turns: 2186, Time: 00:04:40

Health: -5/78      AC:  7    Str: 27    XL:     6   Next: 24%
Magic:  5/5        EV:  8    Int:  5    God:
Gold:   221        SH: 10    Dex: 10    Spells: 0 memorised, 5 levels left

rFire  . . .     SeeInvis .     a - +0 war axe
rCold  . . .     Gourm    .     b - +0 scale mail
rNeg   . . .     Faith    .     c - +0 shield
rPois  .         Spirit   .     (helmet restricted)
rElec  .         Reflect  .     (no cloak)
rCorr  .         Harm     .     (no gloves)
MR     .....                    (no boots)
Stlth  ..........               h - amulet of rage
                                (no ring)
                                (no ring)

@: berserking (expiring), very quick
A: retaliatory headbutt, horns 2
a: Evoke Berserk Rage


You were on level 3 of the Dungeon.
You were full.

You visited 1 branch of the dungeon, and saw 3 of its levels.

You collected 221 gold pieces.

Inventory:

Hand Weapons
 a - a +0 war axe (weapon)
Armour
 b - a +0 scale mail (worn)
 c - a +0 shield (worn)
Jewellery
 h - an amulet of rage (around neck)
 m - an uncursed ring of flight
Scrolls
 e - 3 scrolls of amnesia
 i - a scroll of magic mapping
 l - 2 scrolls of teleportation
 p - 2 scrolls of remove curse
Potions
 d - a potion of might
 j - a potion of agility {unknown}
 n - 2 potions of degeneration
Comestibles
 f - 5 bread rations
 g - 4 fruits
 k - a meat ration
 q - a royal jelly


   Skills:
 + Level 4.0 Fighting
 * Level 5.5 Axes
 * Level 5.7 Armour
 + Level 0.9 Dodging
 + Level 4.7 Shields


You had 5 spell levels left.
You didn't know any spells.

Dungeon Overview and Level Annotations

Branches:
Dungeon (3/15)

Altars:
Trog


Innate Abilities, Weirdness & Mutations

You reflexively headbutt those who attack you in melee.
You have a pair of horns on your head.


Message History

You kill the orc priest!
Your Fighting skill increases to level 4!
You closely miss the orc.
The orc priest hits you but does no damage.
The orc priest miscasts a cantrip.
You slash the orc priest!
You kill the orc priest!
You closely miss the orc. The orc hits you but does no damage.
You slash the orc!
You kill the orc!
You barely miss the orc priest. Your headbutt misses the orc priest.
You block the orc priest's attack.
You slash the orc priest! Your headbutt misses the orc priest.
The orc priest is severely wounded.
The orc priest hits you but does no damage.
You closely miss the orc priest.
The orc priest is severely wounded.
The orc priest calls down the wrath of Beogh upon you.
Pain shoots through your body!
You die...

#..............
#.........)....
#..............
####..............
#.................
#.....############
#....$# #.....#
#@....#
......)o)...#
##......#####
#......# #......#
#...$..# #......#
########


You could see an orc priest.

Vanquished Creatures
  The ghost of Ladykiller69 the Conjurer, an amateur DECj (D:3)
  3 orc priests (D:3)
  Jessica (D:2)
  4 adders
  2 oozes (D:1)
  2 worms (D:2)
  4 dart slugs
  A leopard gecko (D:2)
  6 orcs (D:3)
  7 bats
  A giant cockroach (D:2)
  11 goblins
  9 hobgoblins
  10 jackals
  A ball python (D:1)
  4 frilled lizards
  9 kobolds
  8 rats
84 creatures vanquished.

Notes
Turn   | Place    | Note
-------+----------+-------------------------------------------
     0 | D:1      | Arnot the Minotaur Fighter began the quest for the Orb.
     0 | D:1      | Reached XP level 1. HP: 19/19 MP: 0/0
   160 | D:1      | Reached XP level 2. HP: 24/27 MP: 1/1
   408 | D:1      | Reached XP level 3. HP: 33/33 MP: 2/2
  1071 | D:2      | Found a bloodstained altar of Trog.
  1167 | D:2      | Found a faded altar of an unknown god.
  1194 | D:2      | Noticed Jessica
  1205 | D:2      | Killed Jessica
  1205 | D:2      | Reached XP level 4. HP: 35/40 MP: 3/3
  1258 | D:2      | Reached skill level 5 in Armour
  1749 | D:3      | Reached XP level 5. HP: 41/46 MP: 4/4
  1771 | D:3      | Noticed Ladykiller69's ghost (amateur DECj)
  1781 | D:3      | Killed Ladykiller69's ghost
  1781 | D:3      | Reached skill level 5 in Axes
  2050 | D:3      | Reached XP level 6. HP: 50/52 MP: 5/5
  2186 | D:3      | Killed from afar by an orc priest

Skill      XL: |  1  2  3  4  5  6 |
---------------+-------------------+-----
Armour         | 4 5 |  5.7
Axes           | 3 4 5 |  5.5
Shields        | 4 |  4.7
Fighting       | 4 |  4.0
Dodging        | |  0.9

Action                   |  1- 3 |  4- 6 || total
-------------------------+-------+-------++-------
Melee: War axe           |    96 |    77 ||   173
       Headbutt          |    10 |    15 ||    25
 Abil: Evoke Berserk Rag |       |     1 ||     1
  Use: Scroll            |     2 |     7 ||     9
       Potion            |     1 |     1 ||     2
  Eat: Meat ration       |       |     2 ||     2
Armor: Scale mail        |    46 |    37 ||    83
Dodge: Dodged            |    42 |    15 ||    57
Block: Shield            |    51 |    35 ||    86
